 Dungeon Crawl Stone Soup version 0.31-a0-236-g9a0961fb85 (webtiles) character file.

Game seed: 7221663383643203501

7954 Newt the Basher (level 11, -3/86 HPs)
             Began as a Demonspawn Gladiator on July 10, 2023.
             Was a Believer of Hepliaklqana.
             Slain by a boulder beetle (19 damage)
             ... on level 9 of the Dungeon.
             The game lasted 00:13:40 (9530 turns).

Newt the Basher (Demonspawn Gladiator)              Turns: 9530, Time: 00:13:41

Health: -3/86      AC: 16    Str: 18    XL:     11   Next: 3%
Magic:  12/12      EV: 10    Int: 10    God:    Hepliaklqana [**....]
Gold:   619        SH:  6    Dex: 15    Spells: 10/10 levels left

rFire   x . .        m - +3 whip (elec)
rCold   + + .        (no shield)
rNeg    + . .        p - +0 ice dragon scales
rPois   +            c - +0 helmet
rElec   .            h - +0 cloak
rCorr   +            t - +0 pair of gloves
SInv    .            (no boots)
Will    .....        (no amulet) Stlth
                     y - ring of resist corrosion
HPRegen 0.34/turn    M - ring "Enaykef" {rPois rN+}
MPRegen 0.26/turn

%: random rage (3%)
@: mighty, about to teleport, on berserk cooldown
A: reduced essence, claws 1, large bone plates 2, ignite blood 2, magic
regeneration, berserk 1, high MP 1, robust 1, wild magic 1
a: Renounce Religion, Recall Ancestor, Ancestor Identity


You were on level 9 of the Dungeon.
You worshipped Hepliaklqana.
Hepliaklqana was pleased with you.
You visited 2 branches of the dungeon, and saw 10 of its levels.
You also visited: Sewer.

You collected 619 gold pieces.

Inventory:

Hand Weapons
 a - a +0 rapier
 f - a +4 battleaxe
 m - a +3 whip of electrocution (weapon)
 n - a +1 whip of venom
 G - a +4 flail
Missiles
 g - 91 stones (quivered)
 i - 31 poisoned darts
 r - 8 boomerangs
 z - a javelin
 A - 4 curare-tipped darts
Armour
 b - a +0 leather armour
 c - a +0 helmet (worn)
 h - a +0 cloak (worn)
 p - +0 ice dragon scales (worn)
 t - a +0 pair of gloves (worn)
Jewellery
 k - a ring of see invisible
 y - a ring of resist corrosion (left hand)
 I - a ring of wizardry
 K - a ring of magical power
 M - the ring "Enaykef" (right hand) {rPois rN+}
   (You acquired it on level 9 of the Dungeon)

   [ring of positive energy]

   rPois:     It protects you from poison.
   rN:        It protects you from negative energy.
Wands
 x - a wand of paralysis (3)
 J - a wand of digging (2)
Scrolls
 o - 3 scrolls of teleportation
 B - 3 scrolls of revelation
 C - 2 scrolls of fog
 H - a scroll of amnesia
 L - 3 scrolls of identify
 N - a scroll of blinking
Potions
 e - a potion of enlightenment
 j - 2 potions of mutation
 l - 3 potions of curing
 q - a potion of heal wounds
 s - a potion of might
 v - 2 potions of cancellation
 w - a potion of attraction
 D - a potion of ambrosia {unknown}
 E - a potion of degeneration {unknown}
 F - a potion of haste {unknown}


   Skills:
 - Level 8.0 Fighting
 - Level 2.6 Short Blades
 - Level 9.0 Maces & Flails
 - Level 1.7 Throwing
 - Level 9.0 Armour
 - Level 2.6 Dodging
 + Level 6.4 Evocations


You had 10 spell levels left.
You didn't know any spells.
Your spell library contained the following spells:

 Spells                   Type           Power      Damage    Failure   Level
 Sandblast                Erth           0%         2d4       83%         1
 Sting                    Tmut/Pois      0%         1d3       83%         1
 Passwall                 Tmut/Erth      0%         N/A       92%         2
 Poisonous Vapours        Pois/Air       0%         N/A       92%         2
 Stone Arrow              Conj/Erth      0%         3d7       99%         3
 Olgreb's Toxic Radiance  Pois           0%         N/A       100%        4
 Chain Lightning          Conj/Air       0%         N/A       100%        9
 Fire Storm               Conj/Fire      0%         5d1       100%        9
 Shatter                  Erth           0%         3d5*      100%        9


Dungeon Overview and Level Annotations

Branches:
Dungeon (9/15)             Temple (1/1) D:6           Sewer (visited)
   Lair: D:8-11         Orc: D:9-12

Altars:
Ashenzari
Cheibriados
Fedhas
Gozag
Hepliaklqana
Kikubaaqudgha
Makhleb
Nemelex Xobeh
Okawaru
Qazlal
Uskayaw
Vehumet
Wu Jian
Xom
Yredelemnul


Innate Abilities, Weirdness & Mutations

Your life essence is reduced to manifest your ancestor. (-10% HP)
You have sharp fingernails.
You are mostly covered in large bone plates. (SH +6)
Your demonic aura often causes spilled blood to erupt in flames.
You regenerate magic rapidly.
You sometimes lose your temper in combat.
You have an increased reservoir of magic. (+10% MP)
You are robust. (+10% HP)
Your spells are a little harder to cast, but a little more powerful.


Message History

The death knight attacks as you move away!
The death knight barely misses you. The efreet attacks as you move away!
The efreet hits you with a +0 scimitar of flaming.
* * * LOW HITPOINT WARNING * * *
The efreet burns you.
* * * LOW HITPOINT WARNING * * *
The boulder beetle leaps!
There is an open door here.
Okay, then.
As you read the scroll of fear, it crumbles to dust.
You assume a fearsome visage.
The efreet looks frightened!
The boulder beetle looks frightened!
The death knight resists with almost no effort.
You feel yourself speed up.
The death knight's dark mirror aura disappears.
The efreet prays for help.
The boulder beetle leaps! x2
Things that are here:
a +2 short sword of freezing; a +0 robe
There is an open translucent door, spattered with blood here.
The boulder beetle bites you but does no damage.
As you read the scroll of fear, it crumbles to dust.
You assume a fearsome visage.
The death knight resists with some effort.
The boulder beetle bites you but does no damage.
As you read the scroll of fear, it crumbles to dust.
You assume a fearsome visage.
The death knight looks frightened!
The boulder beetle seems to regain its courage.
The boulder beetle waves its antennae.
The boulder beetle bites you.
* * * LOW HITPOINT WARNING * * *
As you read the scroll of teleportation, it crumbles to dust.
You feel strangely unstable. The boulder beetle bites you!
* * * LOW HITPOINT WARNING * * *
Unknown command.
The boulder beetle attacks as you move away!
You block the boulder beetle's attack.
The boulder beetle waves its antennae.
You feel better. The boulder beetle bites you!!
You die...

#..##########.........######
#..#..#R.#..#.........#
#..#(.'..'..#.........#
#..##'####p##.........#
#..#. #..#.........# #..#
#)(#.........#
#..#######'##.........#
##.#..'..'..#.........#
#.'..#..#B@#.........#
#.##########.#.#######
#.R............#
####..........##
############


You could see a death knight (fleeing) and a boulder beetle.

Vanquished Creatures
  Erica (D:8)
  A two-headed ogre (D:9)
  An ugly thing (D:9)
  A cyclops (D:9)
  A troll (D:9)
  A hornet (D:9)
  Grinder (D:4)
  3 yaks
  A basilisk (D:8)
  A steam dragon (D:9)
  Menkaure (D:5)
  2 water moccasins
  2 orc warriors
  A sky beast (D:7)
  A black bear (D:8)
  An ogre (D:5)
  4 ice beasts (D:6)
  A phantom (D:5)
  10 kobold brigands
  2 centaurs
  2 bullfrogs
  A gnoll sergeant (D:6)
  3 scorpions
  10 wights
  5 killer bees
  7 howler monkeys
  A crimson imp (D:8)
  3 orc priests (D:8)
  A gnoll bouda (D:8)
  A hound (D:4)
  7 orc wizards
  2 sleepcaps (D:5)
  3 iguanas
  10 gnolls
  14 adders
  2 river rats (Sewer)
  A shadow imp (D:5)
  3 white imps
  6 worms
  A dart slug (D:2)
  15 orcs
  5 endoplasms
  4 giant cockroaches
  6 goblins
  7 hobgoblins
  4 jackals (D:5)
  29 kobolds
  6 quokkas
  13 ball pythons
  4 bats
  A frilled lizard (D:1)
  6 rats
220 creatures vanquished.

Vanquished Creatures (collateral kills)
  A sky beast (D:8)
  2 orc warriors
  A wight (D:9)
  2 killer bees (D:9)
  2 orcs
  2 kobolds (D:9)
10 creatures vanquished.

Vanquished Creatures (others)
  A hexer (D:9)
1 creature vanquished.

Grand Total: 231 creatures vanquished

Notes
Turn   | Place    | Note
-------+----------+-------------------------------------------
     0 | D:1      | Newt the Demonspawn Gladiator began the quest for the Orb.
     0 | D:1      | Reached XP level 1. HP: 16/16 MP: 1/1
   168 | D:1      | Gained mutation: Your demonic aura sometimes causes spilled
                  | blood to erupt in flames. [demonic ancestry]
   168 | D:1      | Reached XP level 2. HP: 21/23 MP: 2/2
   567 | D:1      | Gained mutation: You are partially covered in large bone
                  | plates. (SH +4) [demonic ancestry]
   567 | D:1      | Reached XP level 3. HP: 28/29 MP: 3/3
  1285 | D:2      | Gained mutation: You are mostly covered in large bone
                  | plates. (SH +6) [demonic ancestry]
  1285 | D:2      | Reached XP level 4. HP: 32/38 MP: 4/4
  1939 | D:3      | Found a radiant altar of Vehumet.
  1971 | D:3      | You fall into a shaft and drop 1 floor!
  1978 | D:4      | Noticed Grinder
  1978 | D:4      | Paralysed by Grinder for 2 turns
  2001 | D:4      | Reached skill level 5 in Fighting
  2004 | D:4      | Paralysed by Grinder for 5 turns
  2020 | D:4      | Paralysed by Grinder for 3 turns
  2033 | D:4      | Killed Grinder
  2034 | D:4      | Reached XP level 5. HP: 19/44 MP: 5/5
  2034 | D:4      | Gained mutation: You have sharp fingernails. [demonic
                  | ancestry]
  2034 | D:4      | Reached XP level 6. HP: 22/51 MP: 6/6
  2991 | D:5      | Entered Level 5 of the Dungeon
  3146 | D:5      | Found a glowing drain.
  3189 | Sewer    | Entered a sewer
  3275 | Sewer    | Reached skill level 5 in Maces & Flails
  3275 | Sewer    | Reached XP level 7. HP: 39/56 MP: 7/7
  3517 | Sewer    | Reached skill level 1 in Armour
  4484 | D:5      | Reached XP level 8. HP: 59/62 MP: 8/8
  4719 | D:5      | Noticed Menkaure
  4723 | D:5      | Killed Menkaure
  4724 | D:5      | Reached skill level 5 in Armour
  5007 | D:5      | Gained mutation: Your spells are a little harder to cast,
                  | but a little more powerful. [potion of mutation]
  5007 | D:5      | Gained mutation: You sometimes lose your temper in combat.
                  | [potion of mutation]
  5007 | D:5      | Gained mutation: You are robust. (+10% HP) [potion of
                  | mutation]
  5007 | D:5      | Gained mutation: You have an increased reservoir of magic.
                  | (+10% MP) [potion of mutation]
  5482 | D:6      | Found a staircase to the Ecumenical Temple.
  5591 | D:6      | Gained mutation: Your demonic aura often causes spilled
                  | blood to erupt in flames. [demonic ancestry]
  5591 | D:6      | Reached XP level 9. HP: 59/74 MP: 9/9
  5795 | Temple   | Entered the Ecumenical Temple
  5849 | Temple   | Became a worshipper of Hepliaklqana the Forgotten
  6930 | D:8      | Reached * piety under Hepliaklqana
  7389 | D:8      | Noticed Erica
  7395 | D:8      | Killed Erica
  7396 | D:8      | Gained mutation: You regenerate magic rapidly. [demonic
                  | ancestry]
  7396 | D:8      | Reached XP level 10. HP: 75/80 MP: 11/11
  7414 | D:8      | Found a burning altar of Makhleb.
  7414 | D:8      | Found a shimmering altar of Xom.
  7581 | D:8      | Identified the +0 scale mail of the Prince of Darkness
                  | {rC+}
  8566 | D:9      | Identified a scroll of acquirement
  8566 | D:9      | Acquired the ring "Enaykef" {rPois rN+}
  8595 | D:9      | Found a basalt altar of Yredelemnul.
  8641 | D:9      | Reached ** piety under Hepliaklqana
  8653 | D:9      | Remembered your ancestor Eadburga as a hexer
  8687 | D:9      | Found a runed translucent door.
  8688 | D:9      | Noticed a death knight
  8694 | D:9      | Reached skill level 1 in Evocations
  9079 | D:9      | Noticed a two-headed ogre
  9084 | D:9      | Killed a two-headed ogre
  9085 | D:9      | Reached skill level 5 in Evocations
  9477 | D:9      | Noticed a cyclops
  9482 | D:9      | Noticed a purple ugly thing
  9485 | D:9      | Killed a cyclops
  9490 | D:9      | Killed a purple ugly thing
  9491 | D:9      | Reached XP level 11. HP: 86/86 MP: 12/12
  9512 | D:9      | Noticed a boulder beetle
  9518 | D:9      | HP: 3/86 [death knight/+3 battleaxe (7)]
  9530 | D:9      | Slain by a boulder beetle

Illustrated notes

Levels and vault maps discovered:
D:1:      roderic_octagonal_star, layout_loops_cross,
          chequers_serial_rivers_micro_c
D:2:      layout_rooms
D:3:      layout_loops_ring, nicolae_overflow_squiral,
          mainiacjoe_overflow_alcove_1,
          shapermc_ecumenical_altar_mp_urbaneastern
D:4:      layout_basic, minmay_misc_feat_diagonals, uniq_grinder
D:5:      layout_loops_ring, cheibrodos_sewer_entry_bend, uniq_menkaure
D:6:      layout_rooms, minmay_temple_entry_enclosed_plants, serial_glass,
          glass_columns_a, glass_columns_b, due_unseen_surprise,
          feat_on_display, kennysheep_path_1, hangedman_decor_clover_reticule
D:7:      layout_loops_ring
D:8:      layout_gridville, grunt_temple_overflow_champion_of_chaos, uniq_erica
D:9:      layout_gridville, amcnicky_altar_gilded, fungi_pond_lemuel,
          minivault_13
Temple:   nicolae_temple_god_jail

Skill      XL: |  1  2  3  4  5  6  7  8  9 10 |
---------------+-------------------------------+-----
Fighting       | 3 4 5 8 |  8.0
Maces & Flails | 3 5 6 8 9 |  9.0
Armour         | 3 5 7 9 |  9.0
Evocations     | 6 |  6.4
Short Blades   | |  2.6
Throwing       | |  1.7
Dodging        | |  2.6

Action                     |  1- 3 |  4- 6 |  7- 9 | 10-12 || total
---------------------------+-------+-------+-------+-------++-------
  Melee: Rapier            |   149 |       |       |       ||   149
         Whip              |       |   157 |   487 |   172 ||   816
         Punch             |       |     2 |     5 |     1 ||     8
  Throw: Stone             |     9 |     1 |       |       ||    10
         Throwing net      |     1 |     2 |       |     1 ||     4
         Javelin           |     1 |     1 |       |     1 ||     3
 Invoke: Ancestor Life: He |       |       |       |     1 ||     1
  Evoke: Wand              |       |     3 |     4 |     5 ||    12
    Use: Scroll            |     4 |     5 |     7 |     6 ||    22
         Potion            |       |       |     2 |     4 ||     6
   Stab: Paralysed         |       |     4 |       |       ||     4
         Distracted        |       |       |       |     1 ||     1
 Armour: Leather armour    |    57 |     2 |       |       ||    59
         Ice dragon scales |       |    49 |   155 |    99 ||   303
  Dodge: Dodged            |   109 |    62 |   139 |    82 ||   392
  Block: Other             |    14 |    39 |    85 |    58 ||   196

Table legend: (Time is in decaauts)
 A = Elapsed time spent in this place.
 B = Non-inter-level travel time spent in this place.
 C = Inter-level travel time spent in this place.
 D = Time resting spent in this place.
 E = Time spent auto-exploring this place.
 F = Levels seen in this place.
 G = Mean time per level.
                   A        B        C        D        E       F      G
               +--------+--------+--------+--------+--------+-----+--------+
         Total |   9582 |   9151 |    431 |   1941 |   5536 |  11 |  871.1 |
       Dungeon |   8208 |   7802 |    406 |   1627 |   4789 |   9 |  912.0 |
        Temple |     64 |     40 |     24 |      0 |     24 |   1 |   64.0 |
         Sewer |   1309 |   1309 |      0 |    314 |    722 |   1 | 1309.0 |
               +--------+--------+--------+--------+--------+-----+--------+

Top non-repeatable levels by time:
   Sewer: 1309 daAuts
     D:9: 1257 daAuts
     D:8: 1180 daAuts
     D:5: 1126 daAuts
     D:4: 1019 daAuts
     D:6: 984 daAuts
     D:2: 874 daAuts
     D:1: 795 daAuts
     D:7: 653 daAuts
     D:3: 315 daAuts
  Temple: 64 daAuts
